AoeStats
← 雾鸦

Arena

504333651Analyzed
4v4 RM · 29d ago on Sep 4, 2026· 50m 14s· 8 players
Game mode
Random Map
Map size
Large (8 player)
Population
200
Speed
Normal
Resources
Standard
Victory
Conquest
Starting age
Dark Age
Ending age
Imperial Age
RankedLock teamsTeams togetherTeam positionsShared explorationLock speedFull tech treeHidden civsTurbo modeCheats
Victory
Defeat
🇩🇪 Britons · Germany
1262
+14
🇺🇸 Byzantines · United States
1261
+14
🇨🇴 Hindustanis · Colombia
1240
+15
🇨🇱 Slavs · Chile
1213
+17
🇨🇦 Bengalis · Canada
1446
-23
🇪🇸 Bohemians · Spain
1208
-14
🇬🇧 Mongols · United Kingdom
1190
-14
🇨🇳 Franks · China
1061
-9
プロ初心者
10:43 Feudal Age
14:25 Castle Age
12:49 Double-Bit Axe
13:38 Stone Mining
13:38 Loom
21:48 Fletching
24:52 Horse Collar
27:56 Bodkin Arrow
32:25 Imperial Age
31:08 Heavy Plow
31:21 Bow Saw
35:44 Bracer
40:19 Wheelbarrow
39:18 Elite Battle Elephant
39:59 Husbandry
40:36 Scale Barding Armor
40:41 Forging
40:58 Bloodlines
41:59 Bow Saw
43:50 Paiks
44:30 Chain Barding Armor
46:47 Iron Casting
46:59 Plate Barding Armor
47:04 Hand Cart
happytony2009
11:58 Feudal Age
13:06 Double-Bit Axe
13:05 Horse Collar
15:45 Castle Age
13:30 Horse Collar
16:27 Wheelbarrow
16:54 Bow Saw
16:48 Heavy Plow
22:48 Hand Cart
22:55 Stone Mining
22:58 Gold Mining
23:26 Loom
23:27 Town Watch
24:51 Gold Shaft Mining
24:56 Stone Shaft Mining
26:09 Padded Archer Armor
26:15 Scale Barding Armor
26:20 Forging
27:14 Fletching
27:40 Leather Archer Armor
27:26 Scale Mail Armor
27:24 Murder Holes
27:40 Fortified Wall
30:28 Imperial Age
28:20 Chain Barding Armor
28:34 Elite Skirmisher
29:20 Thumb Ring
29:27 Bloodlines
28:37 Light Cavalry
29:18 Husbandry
29:24 Bodkin Arrow
30:04 Iron Casting
31:11 Ballistics
31:02 Masonry
32:23 Chemistry
31:29 Siege Engineers
30:51 Capped Ram
31:56 Drill
31:57 Conscription
32:36 Bracer
32:05 Elite Mangudai
32:14 Siege Ram
34:48 Hoardings
35:24 Parthian Tactics
35:37 Onager
35:55 Heavy Scorpion
37:28 Siege Onager
40:17 Blast Furnace
39:33 Chain Mail Armor
40:47 Coinage
40:18 Caravan
41:42 Banking
42:04 Hussar
46:18 Plate Mail Armor
46:08 Heavy Camel Rider
agr
5:06 Loom
9:18 Feudal Age
10:14 Double-Bit Axe
15:47 Castle Age
17:11 Wheelbarrow
17:38 Fervor
18:14 Sanctity
18:35 Bow Saw
21:29 Hand Cart
23:13 Town Watch
26:51 Redemption
29:42 Imperial Age
27:58 Murder Holes
29:02 Ballistics
31:22 Chemistry
30:39 Fletching
31:15 Masonry
34:10 Horse Collar
34:58 Treadmill Crane
35:35 Pikeman
36:59 Halberdier
38:50 Forging
38:40 Scale Mail Armor
40:26 Squires
41:39 Iron Casting
41:20 Chain Mail Armor
42:43 Architecture
42:56 Block Printing
42:59 Bodkin Arrow
46:24 Blast Furnace
45:39 Chain Mail Armor
47:59 Fortified Wall
雾鸦
12:00 Feudal Age
15:59 Castle Age
15:05 Double-Bit Axe
16:42 Loom
17:04 Stone Mining
17:07 Gold Mining
17:38 Bow Saw
17:26 Stone Mining
18:44 Wheelbarrow
18:15 Scale Mail Armor
21:08 Gold Mining
24:41 Gold Shaft Mining
25:13 Forging
25:42 Chain Mail Armor
26:08 #83
25:51 Husbandry
27:00 Town Watch
27:54 Scale Barding Armor
28:25 Iron Casting
31:38 Imperial Age
31:39 Chain Barding Armor
31:46 Cavalier
33:32 Blast Furnace
33:08 Plate Barding Armor
36:31 Chivalry
36:16 Paladin
41:02 Paladin
Dreadnaught
4:05 Loom
11:57 Feudal Age
16:26 Castle Age
14:55 Double-Bit Axe
15:15 Horse Collar
19:43 Fletching
27:32 Imperial Age
25:31 Bow Saw
27:58 Scale Barding Armor
28:09 Gold Mining
28:34 Elite Skirmisher
31:29 Wheelbarrow
31:27 Conscription
31:53 Bodkin Arrow
31:58 Padded Archer Armor
32:41 Husbandry
33:25 Forging
36:34 Leather Archer Armor
36:18 Heavy Camel Rider
37:46 Ballistics
38:44 Bracer
40:00 Ring Archer Armor
44:22 Pikeman
46:30 Halberdier
47:52 Fortified Wall
48:46 Gambesons
49:02 Squires
CrimsonTyphoon
10:20 Feudal Age
14:27 Castle Age
12:39 Double-Bit Axe
13:10 Horse Collar
16:59 Loom
22:57 Forging
24:40 Iron Casting
24:13 Scale Barding Armor
24:31 Loom
25:27 Wheelbarrow
28:45 Imperial Age
27:11 Bow Saw
28:52 Chain Barding Armor
28:55 Bloodlines
28:45 Husbandry
29:42 Town Watch
31:07 Chemistry
30:12 Siege Engineers
31:14 Light Cavalry
33:21 Siege Engineers
32:54 Light Cavalry
34:59 Blast Furnace
34:35 Hand Cart
34:21 Town Patrol
34:38 Heavy Plow
35:00 Town Patrol
36:23 Plate Barding Armor
35:38 Heavy Camel Rider
38:57 Gold Mining
38:58 Stone Mining
39:13 Fletching
40:22 Bodkin Arrow
40:27 Padded Archer Armor
41:21 Bracer
41:29 Imperial Camel Rider
46:16 Shatagni
45:49 Hussar
48:04 Leather Archer Armor
49:23 Gold Shaft Mining
49:24 Stone Shaft Mining
48:26 Elite Ghulam
50:25 Ring Archer Armor
matias98ish
11:30 Feudal Age
12:41 Loom
12:43 Double-Bit Axe
13:00 Horse Collar
15:34 Castle Age
16:35 Heavy Plow
16:55 Bow Saw
17:51 Stone Mining
18:38 Wheelbarrow
27:41 Imperial Age
26:14 Gold Mining
26:41 Hand Cart
27:04 Scale Barding Armor
27:41 Forging
29:01 Chain Barding Armor
29:10 Bloodlines
29:02 Husbandry
28:31 Capped Ram
30:24 Plate Barding Armor
30:47 Detinets
30:27 Siege Ram
32:36 Iron Casting
33:04 Fletching
34:42 Conscription
34:04 Elite Boyar
35:46 Blast Furnace
36:31 Bodkin Arrow
37:51 Gold Shaft Mining
37:17 Town Watch
38:27 Ballistics
38:20 Devotion
38:37 Town Patrol
40:05 Two-Man Saw
39:37 Crop Rotation
41:08 Chemistry
40:18 Squires
41:27 Hoardings
46:14 Murder Holes
48:00 Herbal Medicine
Olli
9:14 Loom
11:26 Feudal Age
13:03 Double-Bit Axe
13:08 Horse Collar
15:48 Castle Age
13:57 Stone Mining
14:26 Gold Mining
15:27 Fletching
17:21 Bow Saw
17:23 Heavy Plow
23:00 Gold Shaft Mining
23:04 Bodkin Arrow
23:22 Padded Archer Armor
27:41 Ballistics
30:01 Imperial Age
28:40 Leather Archer Armor
29:55 Wheelbarrow
30:43 Yeomen
30:45 Bracer
31:16 Ring Archer Armor
31:48 Chemistry
32:01 Elite Longbowman
33:52 Conscription
34:03 Siege Engineers
37:48 Two-Man Saw
36:26 Pikeman
37:06 Squires
37:31 Halberdier
43:51 Scale Mail Armor
Connection lost

Rejoining the realm…

Still unreachable

The connection could not be restored.

Session expired

The server has moved on; the page needs a fresh start.